ITL
WABA DUCKS @ RICHMOND FLAIRS
07/07/2029
 
TOP OF THE 1ST
Waba Ducks batting - Pitching for Richmond Flairs : RHP Carlos Fernández
Pitching: RHP Carlos Fernández
Batting: LHB José Rodríguez 0-0: Ball
1-0: Ball
2-0: Foul Ball, location: 2F
2-1: Foul Ball, location: 2F
2-2: Ground out 6-3 (Groundball, 6D)
Batting: LHB Fernando Cruz 0-0: Fly out, F7 (Flyball, 78S)
Batting: SHB Ron Edwards 0-0: Called Strike
0-1: Ball
1-1: Foul Ball, location: 2F
1-2: Ground out 4-3 (Groundball, 4)
Top of the 1st over - 0 runs, 0 hits, 0 errors, 0 left on base; Waba 0 - Richmond 0
BOTTOM OF THE 1ST
Richmond Flairs batting - Pitching for Waba Ducks : RHP Sang-joon Pak
Pitching: RHP Sang-joon Pak
Batting: RHB Lonson Seals 0-0: Ball
1-0: Ball
2-0: Called Strike
2-1: Ball
3-1: Swinging Strike
3-2: Ground out 5-3 (Groundball, 5L)
Batting: LHB Dave Gray 0-0: Foul Ball, location: 2F
0-1: Ground out U3 (Groundball, 3L)
Batting: LHB Luis Villa 0-0: Ball
1-0: Ball
2-0: Swinging Strike
2-1: SINGLE (Flyball, 7S)
Batting: LHB Sean Nicks 0-0: Ball
Luis Villa steals 2nd base
1-0: Fly out, F9 (Flyball, 9LD)
Bottom of the 1st over - 0 runs, 1 hit, 0 errors, 1 left on base; Waba 0 - Richmond 0
TOP OF THE 2ND
Waba Ducks batting - Pitching for Richmond Flairs : RHP Carlos Fernández
Batting: RHB Felipe Rivera 0-0: Ball
1-0: Ball
2-0: Swinging Strike
2-1: Ball
3-1: Swinging Strike
3-2: Base on Balls
Batting: LHB Daniel Carter 0-0: Called Strike
0-1: Ball
1-1: Swinging Strike
1-2: Foul Ball, location: 2F
1-2: 2-RUN HOME RUN (Flyball, 9LD), Distance : 333 ft
Batting: RHB Ángelo García 0-0: Foul Ball, location: 2F
0-1: Swinging Strike
0-2: Foul Ball, location: 2F
0-2: Strikes out looking
Batting: RHB Shaun Puckett 0-0: Ball
1-0: Foul Ball, location: 2F
1-1: Swinging Strike
1-2: Strikes out swinging
Batting: RHB Félix Quintero 0-0: Ball
1-0: Foul Ball, location: 2F
1-1: Fly out, F8 (Flyball, 8RS)
Top of the 2nd over - 2 runs, 1 hit, 0 errors, 0 left on base; Waba 2 - Richmond 0
BOTTOM OF THE 2ND
Richmond Flairs batting - Pitching for Waba Ducks : RHP Sang-joon Pak
Batting: RHB R.J. Crosby 0-0: Called Strike
0-1: Swinging Strike
0-2: Ball
1-2: Foul Ball, location: 2F
1-2: Ball
2-2: Ball
3-2: Base on Balls
Batting: RHB Jack Ray 0-0: Ball
1-0: Foul Ball, location: 2F
1-1: Swinging Strike
1-2: Foul Ball, location: 2F
1-2: Ball
2-2: Ball
3-2: Foul Ball, location: 2F
3-2: Strikes out swinging
Batting: RHB Jeff Bane 0-0: Foul Ball, location: 2F
0-1: SINGLE (Groundball, 6MD)
R.J. Crosby to second
Batting: RHB Christian Hudson 0-0: Called Strike
0-1: SINGLE (Line Drive, 89S)
R.J. Crosby to third
Jeff Bane to second
Runner from 3rd tries for Home, throw and OUT!
Jeff Bane to third
Christian Hudson to second
Batting: RHB Alejandro Ramos 0-0: Ball
1-0: Called Strike
1-1: Ball
2-1: Ball
3-1: Ground out 5-3 (Groundball, 56S)
Bottom of the 2nd over - 0 runs, 2 hits, 0 errors, 2 left on base; Waba 2 - Richmond 0
TOP OF THE 3RD
Waba Ducks batting - Pitching for Richmond Flairs : RHP Carlos Fernández
Batting: SHB Alex Aguilar 0-0: Ball
1-0: SINGLE (Flyball, 8LS)
Batting: LHB José Rodríguez 0-0: Ball
1-0: Ball
2-0: Ball
3-0: Foul Ball, location: 2F
3-1: Foul Ball, location: 2F
3-2: Base on Balls
Alex Aguilar to second
Batting: LHB Fernando Cruz 0-0: Fly out, F7 (Line Drive, 7D)
Batting: SHB Ron Edwards 0-0: Called Strike
0-1: Ball
1-1: Fly out, F7 (Flyball, 7LD)
Batting: RHB Felipe Rivera 0-0: Ball
1-0: Foul Ball, location: 2F
1-1: 3-RUN HOME RUN (Flyball, 8RD), Distance : 401 ft
Batting: LHB Daniel Carter 0-0: Ball
1-0: Ball
2-0: Called Strike
2-1: Foul Ball, location: 2F
2-2: SINGLE (Line Drive, 6D)
Batting: RHB Ángelo García 0-0: Ball
1-0: Called Strike
1-1: Swinging Strike
1-2: Foul Ball, location: 2F
1-2: Strikes out swinging
Top of the 3rd over - 3 runs, 3 hits, 0 errors, 1 left on base; Waba 5 - Richmond 0
BOTTOM OF THE 3RD
Richmond Flairs batting - Pitching for Waba Ducks : RHP Sang-joon Pak
Batting: RHB Lonson Seals 0-0: Ground out 3-1 (Groundball, 34S)
Batting: LHB Dave Gray 0-0: Foul Ball, location: 2F
0-1: Ball
1-1: Ball
2-1: Ball
3-1: Base on Balls
Batting: LHB Luis Villa 0-0: Swinging Strike
0-1: Ball
1-1: Foul Ball, location: 2F
1-2: 2-RUN HOME RUN (Flyball, 7D), Distance : 350 ft
Batting: LHB Sean Nicks 0-0: Ground out U3 (Groundball, 3)
Batting: RHB R.J. Crosby 0-0: Ball
1-0: Foul Ball, location: 2F
1-1: Called Strike
1-2: Foul Ball, location: 2F
1-2: SOLO HOME RUN (Flyball, 89XD), Distance : 395 ft
Batting: RHB Jack Ray 0-0: Swinging Strike
0-1: Fly out, F9 (Line Drive, 9S)
Bottom of the 3rd over - 3 runs, 2 hits, 0 errors, 0 left on base; Waba 5 - Richmond 3
TOP OF THE 4TH
Waba Ducks batting - Pitching for Richmond Flairs : RHP Carlos Fernández
Batting: RHB Shaun Puckett 0-0: Called Strike
0-1: Ball
1-1: Foul Ball, location: 2F
1-2: Ground out 1-3 (Groundball, 15S)
Batting: RHB Félix Quintero 0-0: Called Strike
0-1: Fly out, F3 (Popup, 3SF)
Batting: SHB Alex Aguilar 0-0: Ball
1-0: Ball
2-0: SINGLE (Groundball, 4D)
Pitching: RHP Sandro Gonzáles
Batting: LHB José Rodríguez 0-0: Ball
1-0: Foul Ball, location: 2F
1-1: Ball
2-1: Fly out, F8 (Flyball, 89D)
Top of the 4th over - 0 runs, 1 hit, 0 errors, 1 left on base; Waba 5 - Richmond 3
BOTTOM OF THE 4TH
Richmond Flairs batting - Pitching for Waba Ducks : RHP Sang-joon Pak
Batting: RHB Jeff Bane 0-0: SINGLE (Groundball, 25) (infield hit)
Batting: RHB Christian Hudson 0-0: Ball
1-0: Ball
2-0: Called Strike
2-1: Foul Ball, location: 2F
2-2: Ball
3-2: SINGLE (Line Drive, 9LM)
Jeff Bane to second
Jeff Bane to third
Pitching: RHP António Mata
Batting: RHB Alejandro Ramos 0-0: Ball
1-0: Ground out 4-3 (Groundball, 34)
Jeff Bane scores
Christian Hudson to second
Batting: RHB Lonson Seals 0-0: Swinging Strike
0-1: Ball
1-1: Ball
2-1: Foul Ball, location: 2F
2-2: Ball
3-2: Foul Ball, location: 2F
3-2: Ground out 4-3 (Groundball, 4)
Christian Hudson to third
Batting: LHB Dave Gray 0-0: Ball
1-0: Foul Ball, location: 2F
1-1: Ball
2-1: Ball
3-1: SINGLE (Line Drive, 89S)
Christian Hudson scores
Batting: LHB Luis Villa 0-0: DOUBLE (Flyball, 89XD)
Dave Gray to third
Runner from 3rd tries for Home, SAFE, no throw
Batting: LHB Sean Nicks 0-0: Ball
1-0: Foul Ball, location: 2F
1-1: Ball
2-1: Fly out, F5 (Popup, 15)
Bottom of the 4th over - 3 runs, 4 hits, 0 errors, 1 left on base; Waba 5 - Richmond 6
TOP OF THE 5TH
Waba Ducks batting - Pitching for Richmond Flairs : RHP Sandro Gonzáles
Batting: LHB Fernando Cruz 0-0: Ball
1-0: Called Strike
1-1: Swinging Strike
1-2: Foul Ball, location: 2F
1-2: Strikes out swinging
Batting: SHB Ron Edwards 0-0: Called Strike
0-1: Ground out U3 (Groundball, 34S)
Batting: RHB Felipe Rivera 0-0: Ball
1-0: Ball
2-0: Foul Ball, location: 2F
2-1: Ball
3-1: Called Strike
3-2: SINGLE (Line Drive, 6M)
Batting: LHB Daniel Carter 0-0: Ball
1-0: Called Strike
1-1: Ball
2-1: Ball
3-1: Foul Ball, location: 2F
3-2: Base on Balls
Felipe Rivera to second
Batting: RHB Ángelo García 0-0: Ball
1-0: SINGLE (Groundball, 34D)
Felipe Rivera to third
Daniel Carter to second
Runner from 3rd tries for Home, SAFE, no throw
Batting: RHB Shaun Puckett 0-0: Ball
1-0: Ground out 3-1 (Groundball, 34)
Top of the 5th over - 1 run, 2 hits, 0 errors, 2 left on base; Waba 6 - Richmond 6
BOTTOM OF THE 5TH
Richmond Flairs batting - Pitching for Waba Ducks : RHP António Mata
Batting: RHB R.J. Crosby 0-0: Called Strike
0-1: Called Strike
0-2: Ground out 6-3 (Groundball, 6M)
Batting: RHB Jack Ray 0-0: Ball
1-0: Called Strike
1-1: Foul Ball, location: 2F
1-2: SINGLE (Groundball, 6D)
Batting: RHB Jeff Bane 0-0: Grounds into double play, 1-6-3 (Groundball, 13)
Bottom of the 5th over - 0 runs, 1 hit, 0 errors, 0 left on base; Waba 6 - Richmond 6
TOP OF THE 6TH
Waba Ducks batting - Pitching for Richmond Flairs : RHP Sandro Gonzáles
Batting: RHB Félix Quintero 0-0: Called Strike
0-1: Ground out 4-3 (Groundball, 4)
Batting: SHB Alex Aguilar 0-0: Ball
1-0: Ball
2-0: Ground out 6-3 (Groundball, 6)
Batting: LHB José Rodríguez 0-0: Called Strike
0-1: DOUBLE (Line Drive, 9LS)
Batting: LHB Fernando Cruz 0-0: Fly out, F7 (Flyball, 7LSF)
Top of the 6th over - 0 runs, 1 hit, 0 errors, 1 left on base; Waba 6 - Richmond 6
BOTTOM OF THE 6TH
Richmond Flairs batting - Pitching for Waba Ducks : RHP António Mata
Batting: RHB Christian Hudson 0-0: Ball
1-0: Foul Ball, location: 2F
1-1: Foul Ball, location: 2F
1-2: Fly out, F9 (Flyball, 9S)
Batting: RHB Alejandro Ramos 0-0: Called Strike
0-1: Ball
1-1: Ball
2-1: Ground out 4-3 (Groundball, 4)
Batting: RHB Lonson Seals 0-0: Hit by Pitch
Batting: LHB Dave Gray 0-0: Called Strike
0-1: Ball
1-1: Ball
2-1: Ground out 4-3 (Groundball, 34)
Bottom of the 6th over - 0 runs, 0 hits, 0 errors, 1 left on base; Waba 6 - Richmond 6
TOP OF THE 7TH
Waba Ducks batting - Pitching for Richmond Flairs : RHP Sandro Gonzáles
Batting: SHB Ron Edwards 0-0: Ball
1-0: Fly out, F5 (Line Drive, 56)
Batting: RHB Felipe Rivera 0-0: Ball
1-0: Ground out 4-3 (Groundball, 4MD)
Batting: LHB Daniel Carter 0-0: SINGLE (Line Drive, 3L)
Batting: RHB Ángelo García 0-0: Called Strike
0-1: SINGLE (Groundball, 4MD)
Daniel Carter to second
Runner from 2nd tries for 3rd, SAFE, throw made to third
Batting: RHB Shaun Puckett 0-0: Ball
1-0: Ball
2-0: Fly out, F4 (Line Drive, 4)
Top of the 7th over - 0 runs, 2 hits, 0 errors, 2 left on base; Waba 6 - Richmond 6
BOTTOM OF THE 7TH
Richmond Flairs batting - Pitching for Waba Ducks : RHP António Mata
Batting: LHB Luis Villa 0-0: Swinging Strike
0-1: Ball
1-1: Ball
2-1: Ball
3-1: Ground out 4-3 (Groundball, 4)
Batting: LHB Sean Nicks 0-0: Ball
1-0: Ball
2-0: Foul Ball, location: 2F
2-1: Called Strike
2-2: Ball
3-2: Base on Balls
Batting: RHB R.J. Crosby 0-0: Ball
1-0: SINGLE (Flyball, 9S)
Sean Nicks to second
Pitching: RHP Bartolo Romo
Batting: RHB Jack Ray 0-0: Foul Ball, location: 2F
0-1: Called Strike
0-2: Ball
Wild Pitch!
Sean Nicks to third
R.J. Crosby to second
1-2: Strikes out swinging
Pitching: RHP Sergio Torres
Batting: RHB Jeff Bane 0-0: Called Strike
0-1: Ball
1-1: Called Strike
1-2: Fly out, F9 (Line Drive, 89M)
Bottom of the 7th over - 0 runs, 1 hit, 0 errors, 2 left on base; Waba 6 - Richmond 6
TOP OF THE 8TH
Waba Ducks batting - Pitching for Richmond Flairs : RHP Sandro Gonzáles
Batting: RHB Félix Quintero 0-0: Fly out, F8 (Flyball, 8RD)
Batting: SHB Alex Aguilar 0-0: Ground out 1-3 (Groundball, 13S)
Pitching: LHP José Morán
Batting: LHB José Rodríguez 0-0: Called Strike
0-1: Foul Ball, location: 2F
0-2: Ball
1-2: Foul Ball, location: 2F
1-2: Foul Ball, location: 2F
1-2: Strikes out swinging
Top of the 8th over - 0 runs, 0 hits, 0 errors, 0 left on base; Waba 6 - Richmond 6
BOTTOM OF THE 8TH
Richmond Flairs batting - Pitching for Waba Ducks : RHP Sergio Torres
Pinch Hitting: LHB Roland Jones 0-0: SINGLE (Line Drive, 6D)
Batting: RHB Alejandro Ramos 0-0: Called Strike
0-1: Swinging Strike
0-2: Strikes out swinging
Batting: RHB Lonson Seals 0-0: Ball
1-0: Ground out 4-3 (Groundball, 4MS)
Roland Jones to second
Batting: LHB Dave Gray 0-0: Ball
1-0: Foul Ball, location: 2F
1-1: Ball
2-1: DOUBLE (Groundball, 3L)
Roland Jones scores
Batting: LHB Luis Villa 0-0: Called Strike
0-1: Called Strike
0-2: Ball
1-2: Foul Ball, location: 2F
1-2: Ball
2-2: Fly out, F9 (Flyball, 89S)
Bottom of the 8th over - 1 run, 2 hits, 0 errors, 1 left on base; Waba 6 - Richmond 7
TOP OF THE 9TH
Waba Ducks batting - Pitching for Richmond Flairs : LHP José Morán
Now at 1B: Liangde Que
Now at SS: Juan López
Batting: LHB Fernando Cruz 0-0: Swinging Strike
0-1: Swinging Strike
0-2: Ball
1-2: Ball
2-2: Foul Ball, location: 2F
2-2: Strikes out swinging
Pitching: RHP Lorenzo Ramos
Batting: SHB Ron Edwards 0-0: Ground out 4-3 (Groundball, 34)
Batting: RHB Felipe Rivera 0-0: Called Strike
0-1: SINGLE (Groundball, 4MD)
Batting: LHB Daniel Carter 0-0: Called Strike
0-1: Ball
1-1: Called Strike
1-2: Ground out 6-3 (Groundball, 6S)
Top of the 9th over - 0 runs, 1 hit, 0 errors, 1 left on base; Waba 6 - Richmond 7
Saturday, December 16th, 2017 - OOTP Baseball 18.8 Build 76